 Dungeon Crawl Stone Soup version 0.32-a0-871-ge202e49faa (webtiles) character file.

Game seed: 12052458771917872824

63 timneilson the Sneak (level 4, -3/25 HPs)
             Began as a Kobold Enchanter on Mar 29, 2024.
             Slain by a ribbon worm (5 damage)
             ... on level 2 of the Dungeon.
             The game lasted 00:04:02 (1337 turns).

timneilson the Sneak (Kobold Enchanter)             Turns: 1337, Time: 00:04:03

Health: -3/25      AC:  2    Str:  5    XL:     4   Next: 31%
Magic:  7/7        EV: 14    Int: 16    God:
Gold:   189        SH:  0    Dex: 17    Spells: 7/7 levels left

rFire   . . .        a - +1 dagger
rCold   . . .        (no shield)
rNeg    . . .        b - +0 robe
rPois   .            (no helmet)
rElec   .            (no cloak)
rCorr   .            (no gloves)
SInv    .            (no boots)
Will    .....        (no amulet)
Stlth   ++++         (no ring)
HPRegen 0.24/turn    (no ring)
MPRegen 0.10/turn

%: no passive effects
@: no status effects
A: small, no large weapons, nightstalker 3
a: no special abilities


You were on level 2 of the Dungeon.
You visited 1 branch of the dungeon, and saw 2 of its levels.

You collected 189 gold pieces.

Inventory:

Hand Weapons
 a - a +1 dagger (weapon)
Armour
 b - a +0 robe (worn)
Jewellery
 m - a ring of protection from cold
 n - an amulet of the acrobat
Scrolls
 g - 2 scrolls of silence {unknown}
 l - 4 scrolls of teleportation
 o - a scroll of noise {unknown}
Potions
 c - 2 potions of invisibility
 d - a potion of magic
 e - a potion of lignification {unknown}
 f - a potion of mutation {unknown}
 h - 2 potions of might
 i - a potion of ambrosia {unknown}
 j - 3 potions of curing {unknown}
 k - a potion of haste {unknown}


   Skills:
 + Level 1.3 Fighting
 * Level 3.0 Short Blades
 + Level 0.8 Armour
 * Level 3.2 Dodging
 + Level 4.4 Stealth
 - Level 2.1 Spellcasting
 - Level 3.0 Hexes


You had 7 spell levels left.
You didn't know any spells.
Your spell library contained the following spells:

 Spells                   Type           Power      Damage    Failure   Level
 Ensorcelled Hibernation  Hex/Ice        12%        N/A       17%         2
 Confusing Touch          Hex            11%        N/A       19%         3
 Tukima's Dance           Hex            11%        N/A       19%         3
 Dazzling Flash           Conj/Hex       12%        N/A       32%         3
 Hailstorm                Conj/Ice       1%         3d5       52%         3
 Summon Ice Beast         Ice/Summ       1%         N/A       52%         3
 Permafrost Eruption      Ice/Erth       0%         2x4d2     100%        6
 Sculpt Simulacrum        Ice/Alch       0%         N/A       100%        6


Dungeon Overview and Level Annotations

Branches:
Dungeon (2/15)

Altars:


Innate Abilities, Weirdness & Mutations

You are small and have problems with some larger weapons.
You are completely attuned to the shadows.


Message History

The ribbon worm expels a string of sticky webbing.
The stream of webbing hits you but does no damage.
You are caught in a web!
You struggle to detach yourself from the web.
The ribbon worm barely misses you.
The web tears apart.
The ribbon worm bites you.
You barely miss the ribbon worm.
The ribbon worm is severely wounded.
You barely miss the ribbon worm.
The ribbon worm is severely wounded.
The ribbon worm barely misses you.
You barely miss the ribbon worm.
The ribbon worm is heavily wounded.
The ribbon worm expels a string of sticky webbing.
The stream of webbing hits you but does no damage.
You are caught in a web!
The web tears apart.
The ribbon worm barely misses you.
You hit the ribbon worm.
The ribbon worm is heavily wounded.
You hit the ribbon worm but do no damage.
The ribbon worm is heavily wounded.
The ribbon worm bites you.
You hit the ribbon worm.
The ribbon worm is severely wounded.
The ribbon worm bites you!
You barely miss the ribbon worm.
The ribbon worm is heavily wounded.
You completely miss the ribbon worm.
The ribbon worm is heavily wounded.
The ribbon worm misses you.
You hit the ribbon worm.
The ribbon worm is severely wounded.
The ribbon worm bites you!
* * * LOW HITPOINT WARNING * * *
You hit the ribbon worm.
The ribbon worm is severely wounded.
You barely miss the ribbon worm.
The ribbon worm is severely wounded.
The ribbon worm bites you.
You die...

#.#......... .......#
#..)..#...# ####.#..
#.........# #.##.
##...#..##.## #.
####...#...##..# ##.
#..........###.# . #..
#..........# #.# .# #...
#..........# #)##.###....
###..#.#@..# #.........#.
#..#..w#.# ##...##.....
#..#..##.####†......# #
#................(..###
#...##.............#...
#..#g##...............##
....................#####
.........................
...........)...######


You could see a ribbon worm.

Vanquished Creatures
  Terence (D:2)
  A gnoll (D:1)
  A ball python (D:1)
  2 endoplasms
  2 giant cockroaches (D:2)
  3 hobgoblins
  2 quokkas
  4 bats (D:1)
  3 frilled lizards
  4 goblins (D:1)
  3 kobolds (D:2)
  2 rats (D:2)
28 creatures vanquished.

Notes
Turn   | Place    | Note
-------+----------+-------------------------------------------
     0 | D:1      | timneilson the Kobold Enchanter began the quest for the
                  | Orb.
     0 | D:1      | Reached XP level 1. HP: 10/10 MP: 3/3
   318 | D:1      | Reached XP level 2. HP: 2/16 MP: 5/5
   591 | D:1      | Reached XP level 3. HP: 20/20 MP: 6/6
   682 | D:1      | Reached skill level 1 in Fighting
   946 | D:2      | Noticed Terence
   950 | D:2      | Killed Terence
   951 | D:2      | Reached XP level 4. HP: 25/25 MP: 7/7
  1337 | D:2      | Slain by a ribbon worm

Illustrated notes

Levels and vault maps discovered:
D:1:      onia_arrival_pentagram, layout_loops_ring, minmay_misc_feat_five
D:2:      layout_rooms, serial_shops, nicolae_shop_bloodbath_and_beyond,
          serial_bayou_pond_d, mrwooster_statue_mirror, uniq_terence

Skill      XL: |  1  2  3  4 |
---------------+-------------+-----
Short Blades   | 2 3 |  3.0
Dodging        | 3 |  3.2
Fighting       | 1 |  1.3
Armour         | |  0.8
Stealth        | |  4.4
Spellcasting   | |  2.1
Hexes          | |  3.0

Action                     |  1- 3 |  4- 6 || total
---------------------------+-------+-------++-------
  Melee: Dagger            |    47 |    60 ||   107
    Use: Scroll            |     4 |       ||     4
   Stab: Sleeping          |    10 |     5 ||    15
         Distracted        |       |     1 ||     1
 Armour: Robe              |    24 |    15 ||    39
  Dodge: Dodged            |    30 |    27 ||    57

Table legend: (Time is in decaauts)
 A = Elapsed time spent in this place.
 B = Non-inter-level travel time spent in this place.
 C = Inter-level travel time spent in this place.
 D = Time resting spent in this place.
 E = Time spent auto-exploring this place.
 F = Levels seen in this place.
 G = Mean time per level.
                   A        B        C        D        E       F      G
               +--------+--------+--------+--------+--------+-----+--------+
         Total |   1323 |   1311 |     12 |     60 |    925 |   2 |  661.5 |
       Dungeon |   1323 |   1311 |     12 |     60 |    925 |   2 |  661.5 |
               +--------+--------+--------+--------+--------+-----+--------+

Top non-repeatable levels by time:
     D:1: 929 daAuts
     D:2: 393 daAuts
